AoeStats
← Ambr0sin0

Arabia

510619950Analyzed
1v1 RM · 1d ago on Oct 1, 2026· 22m 18s· 2 players
Game mode
Random Map
Map size
Tiny (2 player)
Population
200
Speed
Normal
Resources
Standard
Victory
Conquest
Starting age
Dark Age
Ending age
Imperial Age
RankedLock teamsTeams togetherTeam positionsShared explorationLock speedFull tech treeHidden civsTurbo modeCheats
Victory
Defeat
🇵🇪 Khmer · Peru
188
+13
🇫🇷 Goths · France
113
-13
Ambr0sin0
1:01 Loom
13:41 Feudal Age
14:36 Horse Collar
17:34 Double-Bit Axe
20:13 Wheelbarrow
21:17 Forging
21:08 Scale Mail Armor
cazorlagiovanni
0:42 Loom
12:33 Feudal Age
14:05 Wheelbarrow
14:15 Man-at-Arms
19:03 Double-Bit Axe
20:47 Bloodlines
22:25 Forging
Connection lost

Rejoining the realm…

Still unreachable

The connection could not be restored.

Session expired

The server has moved on; the page needs a fresh start.